 Dungeon Crawl Stone Soup version 0.24.0-1-gfbc8707 (webtiles) character file.

Game seed: 11850934356232747656, levelgen mode: deterministic

2 Crabhammer the Caller (level 1, -1/13 HPs)
             Began as a Mummy Summoner on Nov 8, 2019.
             Slain by a leopard gecko (5 damage)
             ... on level 1 of the Dungeon.
             The game lasted 00:01:16 (134 turns).

Crabhammer the Caller (Mummy Summoner)               Turns: 134, Time: 00:01:16

Health: -1/13      AC:  3    Str: 11    XL:     1   Next: 25%
Magic:  1/4        EV: 11    Int: 14    God:
Gold:   0          SH:  0    Dex: 12    Spells: 4/5 levels left

rFire    x . .     SeeInvis .   (no weapon)
rCold    + . .     Gourm    .   (no shield)
rNeg     + + +     Faith    .   b - +0 leather armour
rPois    ∞         Spirit   .   (no helmet)
rElec    .         Reflect  .   (no cloak)
rCorr    .         Harm     .   (no gloves)
MR       .....                  (no boots)
Stlth    +.........             (no amulet)
HPRegen  0.04/turn              (no ring)
MPRegen  0.09/turn              (no ring)

@: very slightly contaminated
A: no food or potions, fire vulnerability, cold resistance 1, negative energy
resistance 3, torment resistance, unbreathing
a: no special abilities


You were on level 1 of the Dungeon.
You were not hungry.

You visited 1 branch of the dungeon, and saw 1 of its levels.

Inventory:

Armour
 a - a +0 large shield
 b - a +0 leather armour (worn)


   Skills:
 + Level 1.5 Dodging
 - Level 1.5 Stealth
 + Level 2.7 Spellcasting
 + Level 3.3 Summonings


You had 4 spell levels left.
You knew the following spells:

 Your Spells              Type           Power        Failure   Level  Hunger
a - Summon Small Mammal   Summ           ##..         8%          1    N/A

Your spell library contained the following spells:

 Spells                   Type           Power        Failure   Level  Hunger
 Call Imp                 Summ           ##......     11%         2    N/A
 Call Canine Familiar     Summ           ##......     22%         3    N/A
 Summon Guardian Golem    Hex/Summ       #.......     41%         3    N/A
 Summon Ice Beast         Ice/Summ       #.......     82%         4    N/A
 Summon Lightning Spire   Summ/Air       #.......     82%         4    N/A

Dungeon Overview and Level Annotations

Branches:
Dungeon (1/15)

Altars:


Innate Abilities, Weirdness & Mutations

You do not eat or drink.
Your flesh is vulnerable to fire.
You are immune to poison.
Your flesh is cold resistant. (rC+)
You are immune to negative energy. (rN+++)
You are immune to unholy pain and torment.
You can survive without breathing.


Message History

You barely miss the leopard gecko.
The leopard gecko is moderately wounded.
The leopard gecko closely misses you.
Your quokka misses the leopard gecko.
You hit the leopard gecko but do no damage.
The leopard gecko is moderately wounded.
The leopard gecko bites you.
Your quokka bites the leopard gecko.
You barely miss the leopard gecko.
The leopard gecko is severely wounded.
The leopard gecko closely misses you.
Your quokka bites the leopard gecko but does no damage.
The leopard gecko closely misses you.
Your quokka closely misses the leopard gecko.
You barely miss the leopard gecko.
The leopard gecko is severely wounded.
The leopard gecko bites you.
Your quokka barely misses the leopard gecko.
You closely miss the leopard gecko.
The leopard gecko is severely wounded.
The leopard gecko bites you.
You die...

...(## #.≈≈≈≈≈≈≈.# ##.##
#. ##..≈≈≈..## #.# #.#
######### #.# #.# ##...#
##.## #.####.....####
....# ##.#......#....##.
##..# #..#....# .......
##.(###.#....####.......
........#.(..)?l@.....#
##.....(..>.####r.......
....#.#.#.#.............
#..................!....
............####.#......
..........### #.(.....(
.......#... #.#......
.......#.##. #.#......
...... .# .#


You could see a leopard gecko and a friendly quokka.

Vanquished Creatures
  A kobold (D:1)
  A rat (D:1)
2 creatures vanquished.

Vanquished Creatures (collateral kills)
  A frilled lizard (D:1)
1 creature vanquished.

Grand Total: 3 creatures vanquished

Notes
Turn   | Place    | Note
-------+----------+-------------------------------------------
     0 | D:1      | Crabhammer the Mummy Summoner began the quest for the Orb.
     0 | D:1      | Reached XP level 1. HP: 13/13 MP: 4/4
   134 | D:1      | Slain by a leopard gecko

Levels and vault maps discovered:
D:1:      shiori_arrival_elements, layout_rooms, grunt_decor_clamped

Action                   || total
-------------------------++-------
Melee: Unarmed           ||    26
 Cast: Summon Small Mamm ||     5
Armor: Leather armour    ||     6
Dodge: Dodged            ||    22
